 Dungeon Crawl Stone Soup version 0.23.2-1-ga50397a6bc (webtiles) character file.

Game seed: 6793098519219034430

367 MachJacob the Chopper (level 6, -2/52 HPs)
             Began as a Hill Orc Skald on May 5, 2019.
             Was an Initiate of Okawaru.
             Killed from afar by Sigmund (3 damage)
             ... with a magic dart
             ... on level 4 of the Dungeon.
             The game lasted 00:17:05 (5919 turns).

MachJacob the Chopper (Hill Orc Skald)              Turns: 5919, Time: 00:17:06

Health: -2/52      AC:  5    Str: 14    XL:     6   Next: 69%
Magic:  9/9        EV:  9    Int: 18    God:    Okawaru [......]
Gold:   114        SH:  0    Dex: 10    Spells: 3/9 levels left

rFire    . . .     SeeInvis .   a - +0 hand axe
rCold    . . .     Gourm    .   (no shield)
rNeg     . . .     Faith    .   u - +0 scale mail
rPois    .         Spirit   .   (no helmet)
rElec    .         Reflect  .   (no cloak)
rCorr    .         Harm     .   w - +1 pair of gloves
MR       .....                  s - +0 pair of boots
Stlth    ..........             (no amulet)
HPRegen  0.17/turn              n - +3 ring of intelligence
MPRegen  0.11/turn              (no ring)

@: corroded
A: no striking features
a: Renounce Religion


You were on level 4 of the Dungeon.
You worshipped Okawaru.
Okawaru was noncommittal.
You were not hungry.

You visited 2 branches of the dungeon, and saw 5 of its levels.

You collected 114 gold pieces.

Inventory:

Hand Weapons
 a - a +0 hand axe (weapon)
 b - a +0 hunting sling
Missiles
 c - 170 stones (quivered)
 o - 26 sling bullets
Armour
 j - a +0 leather armour
 s - a +0 pair of boots (worn)
 u - a +0 scale mail (worn)
 w - a +1 pair of gloves (worn)
Jewellery
 n - a +3 ring of intelligence (left hand)
Scrolls
 e - a scroll of noise
 g - a scroll of blinking {unknown}
 i - 2 scrolls of remove curse {unknown}
 l - a scroll of amnesia
 m - a scroll of magic mapping {unknown}
 p - a scroll of immolation {unknown}
 r - a scroll of teleportation
 t - a scroll of fear {unknown}
 x - a scroll of identify
Potions
 f - 2 potions of heal wounds
 h - a potion of cancellation {unknown}
 k - 2 potions of magic
 q - a potion of degeneration {unknown}
 v - a potion of brilliance {unknown}
 z - a potion of curing {unknown}
Comestibles
 d - 3 rations
 A - 2 chunks of flesh


   Skills:
 + Level 4.1 Fighting
 * Level 6.1 Axes
 + Level 2.4 Armour
 - Level 1.5 Dodging
 - Level 2.1 Spellcasting
 + Level 3.7 Charms


You had 3 spell levels left.
You knew the following spells:

 Your Spells              Type           Power        Failure   Level  Hunger
a - Infusion              Chrm           ###.         16%         1    #......
b - Song of Slaying       Chrm           ###.....     24%         2    ###....
c - Regeneration          Chrm/Necr      #.........   71%         3    ###....

Your spell library contained the following spells:

 Spells                   Type           Power        Failure   Level  Hunger
 Shroud of Golubria       Chrm/Tloc      #.........   45%         2    ###....
 Spectral Weapon          Hex/Chrm       #.......     71%         3    ###....


Dungeon Overview and Level Annotations

Branches:
Dungeon (4/15)             Temple (1/1) D:4

Altars:
Cheibriados
Dithmenos
Gozag
Kikubaaqudgha
Nemelex Xobeh
Okawaru
Qazlal
Sif Muna
Trog
Uskayaw
Vehumet
Wu Jian
The Shining One

Annotations:
D:2 1 runed translucent door, Crazy Yiuf
D:4 Grinder, Sigmund


Message History

Pain shoots through your body!
* * * LOW HITPOINT WARNING * * *
You can move again.
Grinder blinks!
Sigmund mumbles some strange words.
Sigmund flickers and vanishes!
Deactivating autopickup; reactivate with Ctrl-A.
You are confused.
You bump into the rock wall.
There is an open door here.
You hear a zap.
A bolt of acid appears from out of thin air!
The bolt of acid hits you!
* * * LOW HITPOINT WARNING * * *
The acid corrodes you!
You are splashed with acid.
* * * LOW HITPOINT WARNING * * *
You feel less confused.
A magic dart appears from out of thin air!
The magic dart hits you.
You die...

.....#....# #.........#..####
.#...#....#########..).##.#......
...#.....5.....5.......>.......##
.....#......####.##.#.####.###.#
...#........####'##............#
.#.÷........#........#.##.######
....#...§...#........'.##.#
#...#.......#........####@######
...##.......####@##............#
...##.......#....##........%...#
...#...###..#.##.##............#
##.....# .# #<.##............#
##....# ?.#..########+######
#...# .#.... #...# ##.###
####...# ...# .......######+#...#


You could see Grinder.

Vanquished Creatures
  A scorpion (D:4)
  An orc priest (D:3)
  An orc wizard (D:3)
  Terence (D:3)
  2 worker ants (D:4)
  A hound zombie (D:3)
  Robin (D:3)
  5 adders
  A dart slug (D:1)
  4 leopard geckos
  3 orcs (D:3)
  8 bats
  4 bat zombies (D:3)
  3 giant cockroaches
  17 hobgoblins
  10 jackals
  2 quokkas
  A ball python (D:2)
  7 frilled lizards
  23 goblins
  7 kobolds
  5 rats
108 creatures vanquished.

Notes
Turn   | Place    | Note
-------+----------+-------------------------------------------
     0 | D:1      | MachJacob the Hill Orc Skald began the quest for the Orb.
     0 | D:1      | Reached XP level 1. HP: 18/18 MP: 3/3
   120 | D:1      | Reached skill level 3 in Axes
   162 | D:1      | Reached XP level 2. HP: 22/25 MP: 4/4
   506 | D:1      | Reached XP level 3. HP: 28/30 MP: 5/5
  1344 | D:2      | Learned a level 2 spell: Song of Slaying
  1348 | D:2      | Learned a level 3 spell: Regeneration
  1414 | D:2      | Reached skill level 4 in Axes
  1541 | D:2      | Reached XP level 4. HP: 36/38 MP: 7/7
  1584 | D:2      | Found a deep blue altar of Sif Muna.
  1940 | D:2      | Found an opulent altar of Gozag.
  2053 | D:2      | Found a runed translucent door.
  2054 | D:2      | Noticed Crazy Yiuf
  2365 | D:3      | Noticed Terence
  2389 | D:3      | Killed Terence
  2949 | D:3      | Reached XP level 5. HP: 45/45 MP: 8/8
  2990 | D:3      | Found an ancient bone altar of Kikubaaqudgha.
  3134 | D:3      | Reached skill level 5 in Axes
  3213 | D:3      | Noticed Robin
  3226 | D:3      | Killed Robin
  3597 | D:3      | Reached XP level 6. HP: 52/52 MP: 9/9
  4098 | D:4      | Found a radiant altar of Vehumet.
  4732 | D:4      | Noticed Sigmund
  4879 | D:4      | Reached skill level 6 in Axes
  5501 | D:4      | Found a staircase to the Ecumenical Temple.
  5515 | Temple   | Entered the Ecumenical Temple
  5656 | Temple   | Became a worshipper of Warmaster Okawaru
  5770 | D:4      | Noticed Grinder
  5838 | D:4      | Paralysed by Grinder for 3 turns
  5846 | D:4      | Paralysed by Grinder for 6 turns
  5902 | D:4      | Paralysed by Grinder for 6 turns
  5917 | D:4      | HP: 1/52 [acid (4)]
  5919 | D:4      | Killed from afar by Sigmund

Skill      XL: |  1  2  3  4  5  6 |
---------------+-------------------+-----
Axes           | 3 4 5 6 |  6.1
Charms         | 3 |  3.7
Fighting       | 3 4 |  4.1
Spellcasting   | 2 |  2.1
Armour         | 2 |  2.4
Dodging        | |  1.5

Action                   |  1- 3 |  4- 6 || total
-------------------------+-------+-------++-------
Melee: Hand axe          |   147 |   276 ||   423
 Fire: Hunting sling     |    15 |    42 ||    57
Throw: Stone             |       |     2 ||     2
 Cast: Infusion          |       |     3 ||     3
  Use: Scroll            |     2 |     7 ||     9
       Potion            |       |     1 ||     1
  Eat: Chunk             |     2 |     8 ||    10
       Ration            |       |     2 ||     2
Armor: Leather armour    |    40 |    11 ||    51
       Scale mail        |       |   123 ||   123
Dodge: Dodged            |   100 |   132 ||   232
